 Dungeon Crawl Stone Soup version 0.27.0-1-g7a089689b8 (webtiles) character file.

Game seed: 4360382578702279542

123 GordonOverkill the Skirmisher (level 4, -7/37 HPs)
             Began as a Mummy Abyssal Knight on Aug 1, 2021.
             Was a Believer of Lugonu.
             Killed from afar by an orc wizard (15 damage)
             ... with a puff of flame
             ... on level 2 of the Dungeon.
             The game lasted 00:07:52 (2530 turns).

GordonOverkill the Skirmisher (MuAK)                Turns: 2530, Time: 00:07:53

Health: -7/37      AC: 13    Str: 16    XL:     4   Next: 80%
Magic:  6/6        EV: 10    Int: 11    God:    Lugonu [**....]
Gold:   78         SH:  0    Dex: 11    Spells: 3/3 levels left

rFire    x . .     SeeInvis .   a - +1 hand axe
rCold    + . .     Faith    .   (no shield)
rNeg     + + +     Spirit   .   n - +0 chain mail
rPois    ∞         Reflect  .   (no helmet)
rElec    .         Harm     .   (no cloak)
rCorr    .         Rampage  .   j - +0 pair of gloves
Will     .....                  (no boots)
Stlth    ..........             (no amulet)
HPRegen  0.12/turn              f - +4 ring of protection
MPRegen  0.10/turn              i - +4 ring of evasion

@: no status effects
A: cold resistance 1, negative energy resistance 3, torment resistance 2, heat
vulnerability 1, no potions
a: Renounce Religion, Depart the Abyss, Bend Space


You were on level 2 of the Dungeon.
You worshipped Lugonu.
Lugonu was pleased with you.
You visited 1 branch of the dungeon, and saw 3 of its levels.
You visited the Abyss 1 time.

You collected 78 gold pieces.

Inventory:

Hand Weapons
 a - a +1 hand axe (weapon)
 m - a +0 war axe
Missiles
 e - 98 stones (quivered)
Armour
 j - a +0 pair of gloves (worn)
 n - a +0 chain mail (worn)
Jewellery
 f - a +4 ring of protection (left hand)
 i - a +4 ring of evasion (right hand)
Scrolls
 b - a scroll of fog {unknown}
 c - 5 scrolls of teleportation {unknown}
 d - a scroll of immolation {unknown}
 g - 2 scrolls of acquirement {unknown}
 h - a scroll of enchant weapon {unknown}
 k - a scroll of identify {unknown}
 l - a scroll of amnesia {unknown}


   Skills:
 + Level 4.0 Fighting
 + Level 2.6 Axes
 - Level 1.5 Armour
 - Level 0.7 Dodging
 + Level 2.9 Invocations


You had 3 spell levels left.
You didn't know any spells.
Your spell library was empty.

Dungeon Overview and Level Annotations

Branches:
Dungeon (3/15)

Altars:
Wu Jian


Innate Abilities, Weirdness & Mutations

You are immune to poison.
Your flesh is cold resistant. (rC+)
You are immune to negative energy. (rN+++)
You are immune to unholy pain and torment.
You are vulnerable to heat. (rF-)
You do not drink.


Message History

* * * LOW HITPOINT WARNING * * *
Something hits you but does no damage.
You are too injured to fight recklessly!
You are too injured to fight recklessly!
You are too injured to fight recklessly!
The orc shouts!
You hit the orc priest but do no damage.
The orc priest is severely wounded.
You hit something. The orc priest completely misses you.
Something hits you but does no damage.
The orc priest miscasts a cantrip.
You hit the orc priest.
The orc priest is almost dead.
You miss something. Something hits you but does no damage.
The orc priest closely misses you.
You barely miss the orc priest.
The orc priest is almost dead.
You closely miss something. Something hits you.
* * * LOW HITPOINT WARNING * * *
The orc priest hits you with a +1 war axe of electrocution!
* * * LOW HITPOINT WARNING * * *
You hit the orc priest.
You kill the orc priest!
Lugonu accepts your kill.
You miss something.
Your Fighting skill increases to level 4!
You can't drink.
Unknown command.
Unknown command.
Unknown command.
Unknown command.
Unknown command.
Unknown command.
Something hits you.
* * * LOW HITPOINT WARNING * * *
A magic dart appears from out of thin air!
The magic dart hits you but does no damage.
A puff of flame appears from out of thin air!
The puff of flame hits you! The fire burns you terribly!
You die...

....# #.##.........##..[.........
##### #.##.........##..........##
#######.##.........##..........#
#.....#.##.........##..........#
#.....+.##.........##..........#
#.....####.........##..........##
#.(...# #.........##............
#.....####..o......##..........#.
..........).{...@..'.............
##########..o......#######.#####.
# ########### #.# #. # #.# #. #
#.# ## # #.# # # ########.# # #
#.†......# # #.########### #


You could see 2 orcs.

Vanquished Creatures
  An orc priest (D:2)
  4 adders (D:2)
  A worm (D:2)
  A dart slug (D:2)
  An orc (D:3)
  4 endoplasms
  A giant cockroach (D:2)
  9 hobgoblins
  A jackal (D:1)
  2 kobolds (D:1)
  2 quokkas
  9 ball pythons
  5 bats
  4 frilled lizards
  2 goblins (D:1)
  7 rats
54 creatures vanquished.

Vanquished Creatures (others)
  2 withered plants (D:1)
2 creatures vanquished.

Grand Total: 56 creatures vanquished

Notes
Turn   | Place    | Note
-------+----------+-------------------------------------------
     0 | Abyss:1  | GordonOverkill the Mummy Abyssal Knight began the quest for
                  | the Orb.
     0 | Abyss:1  | Reached XP level 1. HP: 18/18 MP: 2/2
    52 | Abyss:1  | Noticed a sky beast
    63 | Abyss:1  | Noticed a wretched star
    64 | D:1      | Escaped the Abyss
   447 | D:1      | Reached * piety under Lugonu
   522 | D:1      | Reached XP level 2. HP: 24/24 MP: 3/3
   820 | D:1      | Found a faded altar of an unknown god.
  1014 | D:1      | Reached XP level 3. HP: 28/29 MP: 4/4
  1217 | D:2      | Found an ornate altar of the Wu Jian Council.
  1990 | D:2      | Reached XP level 4. HP: 37/37 MP: 5/5
  2080 | D:2      | Reached ** piety under Lugonu
  2525 | D:2      | Reached skill level 4 in Fighting
  2530 | D:2      | Killed from afar by an orc wizard

Illustrated notes

Levels and vault maps discovered:
D:1:      dpeg_arrival_shrine, layout_basic,
          shapermc_ecumenical_altar_flowoftime, minmay_vboxes
D:2:      layout_basic, basic_altar
D:3:      layout_rooms, serial_shops, shop

Skill      XL: |  1  2  3  4 |
---------------+-------------+-----
Invocations    | 2 |  2.9
Axes           | 2 |  2.6
Fighting       | 4 |  4.0
Armour         | |  1.5
Dodging        | |  0.7

Action                   |  1- 3 |  4- 6 || total
-------------------------+-------+-------++-------
Melee: Hand axe          |   127 |    45 ||   172
Throw: Stone             |    25 |    17 ||    42
Invok: Depart the Abyss  |     1 |       ||     1
Armor: Leather armour    |    21 |       ||    21
       Ring mail         |    14 |    11 ||    25
       Chain mail        |       |     8 ||     8
Dodge: Dodged            |    92 |    30 ||   122
